 Dungeon Crawl Stone Soup version 0.26-a0-537-g96b2eae49b (webtiles) character file.

Game seed: 7566546782976019347

842 ANON1729 the Covert (level 8, -1/45 (48) HPs)
             Began as a Kobold Brigand on Aug 14, 2020.
             Killed from afar by Dowan (11 damage)
             ... with a shard of ice
             ... on level 5 of the Dungeon.
             The game lasted 00:04:55 (4471 turns).

ANON1729 the Covert (Kobold Brigand)                Turns: 4471, Time: 00:04:55

HP:   -1/45 (48)    AC:  4    Str:  8    XL:     8   Next: 20%
MP:   8/8           EV: 17    Int: 13    God:
Gold: 148           SH:  0    Dex: 18    Spells: 7/7 levels left

rFire    . . .     SeeInvis .   a - +2 dagger
rCold    . . .     Faith    .   (shield restricted)
rNeg     . . .     Spirit   .   b - +0 robe
rPois    +         Reflect  .   g - +0 helmet
rElec    .         Harm     .   c - +0 cloak
rCorr    .                      (no gloves)
MR       .....                  (no boots)
Stlth    +++++.....             (no amulet)
HPRegen  0.15/turn              k - ring of poison resistance
MPRegen  0.11/turn              (no ring)

@: no status effects
A: small, nightstalker 3
a: no special abilities


You were on level 5 of the Dungeon.
You visited 1 branch of the dungeon, and saw 5 of its levels.

You collected 148 gold pieces.

Inventory:

Hand Weapons
 a - a +2 dagger (weapon)
Missiles
 d - 29 poisoned darts (quivered)
Armour
 b - a +0 robe (worn)
 c - a +0 cloak (worn)
 g - a +0 helmet (worn)
Jewellery
 k - a ring of poison resistance (left hand)
 q - an uncursed ring of magical power {unknown}
Wands
 o - a wand of random effects (19)
Scrolls
 h - 2 scrolls of amnesia {unknown}
 i - 2 scrolls of teleportation
 l - a scroll of blinking {unknown}
 m - 3 scrolls of identify {unknown}
 n - 2 scrolls of remove curse {unknown}
 p - a scroll of magic mapping {unknown}
 r - a scroll of random uselessness {unknown}
Potions
 f - a potion of flight
 j - a potion of ambrosia {unknown}
 s - a potion of lignification {unknown}
 t - a potion of brilliance {unknown}
 u - a potion of cancellation {unknown}


   Skills:
 + Level 4.3 Fighting
 * Level 7.0 Short Blades
 - Level 2.2 Throwing
 + Level 4.3 Dodging
 * Level 8.8 Stealth


You had 7 spell levels left.
You didn't know any spells.
Your spell library contained the following spells:

 Spells                   Type           Power        Failure   Level
 Corona                   Hex            #......      30%         1
 Slow                     Hex            #.......     43%         2
 Inner Flame              Hex/Fire       #.......     67%         3
 Portal Projectile        Hex/Tloc       #.....       67%         3
 Cause Fear               Hex            #.........   97%         4
 Leda's Liquefaction      Hex/Erth       #.........   97%         4


Dungeon Overview and Level Annotations

Branches:
Dungeon (5/15)
 Temple: D:4-7

Altars:
Gozag
Trog
Uskayaw
The Shining One

Annotations:
D:5 Dowan


Innate Abilities, Weirdness & Mutations

You are small and have problems with some larger weapons.
You are completely attuned to the shadows.


Message History

Throwing (i - inventory)
d - 31 poisoned darts (quivered)
Press: ? - help, Shift-Dir - straight line, f/p - Dowan
Aim: Dowan, wielding a +0 dagger and wearing a +0 robe (fast)
You throw a poisoned dart. The poisoned dart hits Dowan.
Dowan is poisoned.
Dowan barely misses you.
You closely miss Dowan.
Dowan is lightly wounded.
Dowan misses you. Dowan gestures at you while chanting.
The stone arrow hits you!!
* * * LOW HITPOINT WARNING * * *
Throwing (i - inventory)
d - 30 poisoned darts (quivered)
Press: ? - help, Shift-Dir - straight line, f/p - Dowan
Aim: Dowan, wielding a +0 dagger and wearing a +0 robe (lightly wounded, fast, poisoned)
You throw a poisoned dart. The poisoned dart hits Dowan.
Dowan looks even sicker.
Dowan is lightly wounded.
Dowan points at you and mumbles some strange words.
The shard of ice hits you!
You die...

#.# #.# #.# #.###
#.# #..<#
....#.###########
.$..#...........#
....###########.#
..((#### #.#
[(..)e.# #.#
....##@# ####.##
#### #.# #.....#
#.# #.##### #.#
#.# #.#####.#
#.......#
#########


You could see Dowan (fast, very poisoned).

Vanquished Creatures
  Pikel (D:4)
  Duvessa (D:5)
  A necrophage (D:5)
  A lemure (D:4)
  A hound (D:4)
  2 worker ants (D:4)
  Robin (D:4)
  4 adders
  A worm (D:2)
  2 leopard geckos
  6 orcs
  A giant cockroach (D:2)
  13 goblins
  5 hobgoblins
  8 jackals (D:2)
  4 kobolds (D:1)
  2 quokkas (D:3)
  A ball python (D:1)
  8 bats
  A frilled lizard (D:1)
  6 rats
70 creatures vanquished.

Notes
Turn   | Place    | Note
-------+----------+-------------------------------------------
     0 | D:1      | ANON1729 the Kobold Brigand began the quest for the Orb.
     0 | D:1      | Reached XP level 1. HP: 12/12 MP: 1/1
   146 | D:1      | Reached XP level 2. HP: 17/17 MP: 2/2
  1057 | D:2      | Reached XP level 3. HP: 19/22 MP: 3/3
  2042 | D:3      | Reached XP level 4. HP: 27/27 MP: 4/4
  2148 | D:3      | Reached skill level 6 in Stealth
  2724 | D:3      | Found a bloodstained altar of Trog.
  2724 | D:3      | Found a hide-covered altar of Uskayaw.
  2787 | D:4      | Reached XP level 5. HP: 32/32 MP: 5/5
  2794 | D:4      | Noticed Robin
  2878 | D:4      | Killed Robin
  2885 | D:4      | Noticed a phantom
  3358 | D:4      | Noticed a lemure
  3434 | D:4      | Killed a lemure
  3640 | D:4      | Noticed Pikel
  3643 | D:4      | Noticed a lemure
  3644 | D:4      | Killed Pikel
  3644 | D:4      | Reached skill level 8 in Stealth
  3644 | D:4      | Reached XP level 6. HP: 38/38 MP: 6/6
  3644 | D:4      | Reached XP level 7. HP: 43/43 MP: 7/7
  3842 | D:4      | Found an opulent altar of Gozag.
  3964 | D:4      | Found a glowing golden altar of the Shining One.
  4030 | D:5      | Entered Level 5 of the Dungeon
  4093 | D:5      | Reached XP level 8. HP: 27/45 MP: 8/8
  4442 | D:5      | Noticed Dowan
  4443 | D:5      | Noticed Duvessa
  4467 | D:5      | Killed Duvessa
  4471 | D:5      | Killed from afar by Dowan

Illustrated notes

Levels and vault maps discovered:
D:1:      scummos_arrival_gate, layout_loops_corners, serial_park_tiny_1
D:2:      layout_basic
D:3:      layout_basic, minitemple
D:4:      layout_rooms, kennysheep_mini, kennysheep_mini_moat, minivault_14,
          uniq_pikel, uniq_robin
D:5:      layout_basic, uniq_duvessa

Skill      XL: |  1  2  3  4  5  6  7  8 |
---------------+-------------------------+-----
Short Blades   | 3 4 6 7 |  7.0
Dodging        | 2 3 4 |  4.3
Stealth        | 6 8 |  8.8
Fighting       | 4 |  4.3
Throwing       | |  2.2

Action                   |  1- 3 |  4- 6 |  7- 9 || total
-------------------------+-------+-------+-------++-------
Melee: Dagger            |    91 |   118 |    52 ||   261
Throw: Dart              |       |       |    11 ||    11
Evoke: Wand              |       |     4 |       ||     4
  Use: Scroll            |     1 |       |       ||     1
       Potion            |       |     2 |       ||     2
 Stab: Sleeping          |    15 |     8 |     4 ||    27
       Confused          |       |     2 |       ||     2
Armor: Robe              |    14 |    11 |     7 ||    32
Dodge: Dodged            |    58 |    67 |    15 ||   140

Table legend: (Time is in decaauts)
 A = Elapsed time spent in this place.
 B = Non-inter-level travel time spent in this place.
 C = Inter-level travel time spent in this place.
 D = Time resting spent in this place.
 E = Time spent auto-exploring this place.
 F = Levels seen in this place.
 G = Mean time per level.
                   A        B        C        D        E       F      G
               +--------+--------+--------+--------+--------+-----+--------+
         Total |   4412 |   4291 |    121 |   1043 |   2706 |   5 |  882.4 |
       Dungeon |   4412 |   4291 |    121 |   1043 |   2706 |   5 |  882.4 |
               +--------+--------+--------+--------+--------+-----+--------+

Top non-repeatable levels by time:
     D:4: 1111 daAuts
     D:3: 1097 daAuts
     D:1: 980 daAuts
     D:2: 796 daAuts
     D:5: 425 daAuts
